MLB
ATLANTA BRAVES @ PHILADELPHIA PHILLIES
08/22/2020
 
TOP OF THE 1ST
Atlanta Braves batting - Pitching for Philadelphia Phillies : LHP Patrick Sandoval
Pitching: LHP Patrick Sandoval
Batting: RHB Yasiel Puig 0-0: Ball
1-0: Ball
2-0: Fly out, F8 (Flyball, 8RXD, EV 101.3 MPH)
Batting: RHB Vladimir Guerrero Jr. 0-0: Called Strike
0-1: Ball
1-1: Ball
2-1: Swinging Strike
2-2: Strikes out swinging, 2-3 out at first.
Batting: LHB Freddie Freeman 0-0: Called Strike
0-1: Swinging Strike
0-2: Ball
1-2: Ball
2-2: Ground out 1-3 (Groundball, 13, EV 76.3 MPH)
Top of the 1st over - 0 runs, 0 hits, 0 errors, 0 left on base; Atlanta 0 - Philadelphia 0
BOTTOM OF THE 1ST
Philadelphia Phillies batting - Pitching for Atlanta Braves : RHP Kevin Gausman
Pitching: RHP Kevin Gausman
Batting: RHB Scott Kingery 0-0: Ball
1-0: Called Strike
1-1: Foul Ball, location: 2F
1-2: Strikes out looking
Batting: RHB Wilmer Flores 0-0: Ball
1-0: Ball
2-0: Called Strike
2-1: Ball
3-1: Swinging Strike
3-2: Fly out, F5 (Popup, 6S, EV 79.4 MPH)
Batting: SHB Ketel Marte 0-0: Ball
1-0: Ball
2-0: Fly out, F5 (Line Drive, 5, EV 72.5 MPH)
Bottom of the 1st over - 0 runs, 0 hits, 0 errors, 0 left on base; Atlanta 0 - Philadelphia 0
TOP OF THE 2ND
Atlanta Braves batting - Pitching for Philadelphia Phillies : LHP Patrick Sandoval
Batting: RHB Ronald Acuna Jr. 0-0: Ball
1-0: Ball
2-0: SINGLE (Line Drive, 4M, EV 98.8 MPH)
Batting: LHB Yordan Alvarez 0-0: Ball
1-0: Called Strike
1-1: Called Strike
1-2: Strikes out swinging
Batting: RHB Keston Hiura 0-0: Ball
1-0: Ball
2-0: Called Strike
2-1: Foul Ball, location: 2F
2-2: Strikes out swinging
Batting: LHB Corey Seager 0-0: Ball
1-0: Ball
Ronald Acuna Jr. steals 2nd base
2-0: Ball
3-0: Called Strike
3-1: Foul Ball, location: 2F
3-2: Base on Balls
Batting: RHB Jorge Alfaro 0-0: Ball
1-0: Foul Ball, location: 2F
1-1: Ball
2-1: Ball
3-1: Foul Ball, location: 2F
3-2: Foul Ball, location: 2F
3-2: Strikes out swinging
Top of the 2nd over - 0 runs, 1 hit, 0 errors, 2 left on base; Atlanta 0 - Philadelphia 0
BOTTOM OF THE 2ND
Philadelphia Phillies batting - Pitching for Atlanta Braves : RHP Kevin Gausman
Batting: RHB Justin Turner 0-0: Called Strike
0-1: Ball
1-1: SINGLE (Groundball, 34D, EV 98.8 MPH)
Batting: RHB Giancarlo Stanton 0-0: Ball
1-0: Swinging Strike
1-1: Foul Ball, location: 2F
1-2: Strikes out looking
Batting: LHB David Peralta 0-0: Ball
1-0: Foul Ball, location: 2F
1-1: Foul Ball, location: 2F
1-2: Foul Ball, location: 2F
1-2: Ball
2-2: Ball
3-2: Strikes out swinging
Justin Turner steals 2nd, throwing error, E2
Justin Turner to third
Batting: RHB Carson Kelly 0-0: Called Strike
0-1: Ball
1-1: Called Strike
1-2: Foul Ball, location: 2F
1-2: Foul Ball, location: 2F
1-2: Strikes out looking
Bottom of the 2nd over - 0 runs, 1 hit, 1 error, 1 left on base; Atlanta 0 - Philadelphia 0
TOP OF THE 3RD
Atlanta Braves batting - Pitching for Philadelphia Phillies : LHP Patrick Sandoval
Batting: LHB Kevin Gausman 0-0: Ball
1-0: SINGLE (Groundball, 34D, EV 95.0 MPH)
Batting: RHB Yasiel Puig 0-0: Called Strike
0-1: Swinging Strike
0-2: Strikes out swinging
Batting: RHB Vladimir Guerrero Jr. 0-0: Fly out, F9 (Flyball, 9D, EV 92.5 MPH)
Batting: LHB Freddie Freeman 0-0: SINGLE (Flyball, 8LS, EV 88.8 MPH)
Kevin Gausman to second
Batting: RHB Ronald Acuna Jr. 0-0: Called Strike
0-1: Foul Ball, location: 2F
0-2: Ball
1-2: Ball
2-2: Strikes out swinging
Top of the 3rd over - 0 runs, 2 hits, 0 errors, 2 left on base; Atlanta 0 - Philadelphia 0
BOTTOM OF THE 3RD
Philadelphia Phillies batting - Pitching for Atlanta Braves : RHP Kevin Gausman
Batting: LHB Adam Haseley 0-0: Called Strike
0-1: Called Strike
0-2: Strikes out looking
Batting: LHB Patrick Sandoval 0-0: Ball
1-0: Called Strike
1-1: SINGLE (Line Drive, 8LS, EV 101.3 MPH)
Batting: RHB Scott Kingery 0-0: Swinging Strike
0-1: Foul Ball, location: 2F
0-2: Strikes out swinging
Batting: RHB Wilmer Flores 0-0: Fielders Choice at 2nd, 5-4 (Groundball, 5, EV 87.5 MPH)
Bottom of the 3rd over - 0 runs, 1 hit, 0 errors, 1 left on base; Atlanta 0 - Philadelphia 0
TOP OF THE 4TH
Atlanta Braves batting - Pitching for Philadelphia Phillies : LHP Patrick Sandoval
Batting: LHB Yordan Alvarez 0-0: Ball
1-0: Ball
2-0: Fly out, F8 (Flyball, 89XD, EV 91.3 MPH)
Batting: RHB Keston Hiura 0-0: SINGLE (Groundball, 4S, EV 65.0 MPH) (infield hit)
Batting: LHB Corey Seager 0-0: Ball
1-0: Ball
2-0: Fly out, F5 (Popup, 5, EV 70.0 MPH)
Batting: RHB Jorge Alfaro 0-0: Ball
1-0: Swinging Strike
1-1: Swinging Strike
1-2: Ball
Keston Hiura steals 2nd base
2-2: Strikes out swinging
Top of the 4th over - 0 runs, 1 hit, 0 errors, 1 left on base; Atlanta 0 - Philadelphia 0
BOTTOM OF THE 4TH
Philadelphia Phillies batting - Pitching for Atlanta Braves : RHP Kevin Gausman
Batting: SHB Ketel Marte 0-0: Called Strike
0-1: Ball
1-1: SINGLE (Line Drive, 78S, EV 93.8 MPH)
Batting: RHB Justin Turner 0-0: Ball
1-0: Ball
2-0: Fly out, F3 (Popup, 34S, EV 83.8 MPH)
Batting: RHB Giancarlo Stanton 0-0: Ball
1-0: Ball
Wild Pitch!
Ketel Marte to second
2-0: Called Strike
2-1: Ball
3-1: Ground out 2-3 (Groundball, 15S, EV 68.1 MPH)
Ketel Marte to third
Batting: LHB David Peralta 0-0: Ball
1-0: Foul Ball, location: 2F
1-1: Called Strike
1-2: Ball
2-2: Ball
3-2: Strikes out swinging
Bottom of the 4th over - 0 runs, 1 hit, 0 errors, 1 left on base; Atlanta 0 - Philadelphia 0
TOP OF THE 5TH
Atlanta Braves batting - Pitching for Philadelphia Phillies : LHP Patrick Sandoval
Batting: LHB Kevin Gausman 0-0: Called Strike
0-1: Called Strike
0-2: Ball
1-2: Ground out 6-3 (Groundball, 6, EV 88.1 MPH)
Batting: RHB Yasiel Puig 0-0: Called Strike
0-1: Swinging Strike
0-2: Foul Ball, location: 2F
0-2: Ball
1-2: Ground out 4-3 (Groundball, 4S, EV 69.4 MPH)
Batting: RHB Vladimir Guerrero Jr. 0-0: Fly out, F3 (Popup, 3F, EV 73.1 MPH)
Top of the 5th over - 0 runs, 0 hits, 0 errors, 0 left on base; Atlanta 0 - Philadelphia 0
BOTTOM OF THE 5TH
Philadelphia Phillies batting - Pitching for Atlanta Braves : RHP Kevin Gausman
Batting: RHB Carson Kelly 0-0: Ball
1-0: Ball
2-0: Fly out, F7 (Flyball, 78XD, EV 94.4 MPH)
Batting: LHB Adam Haseley 0-0: Ball
1-0: Fly out, F8 (Line Drive, 8LM, EV 98.1 MPH)
Batting: LHB Patrick Sandoval 0-0: Fly out, F1 (Line Drive, P, EV 63.8 MPH)
Bottom of the 5th over - 0 runs, 0 hits, 0 errors, 0 left on base; Atlanta 0 - Philadelphia 0
TOP OF THE 6TH
Atlanta Braves batting - Pitching for Philadelphia Phillies : LHP Patrick Sandoval
Batting: LHB Freddie Freeman 0-0: Ball
1-0: Called Strike
1-1: SINGLE (Groundball, 4S, EV 66.3 MPH) (infield hit)
Batting: RHB Ronald Acuna Jr. 0-0: Fielders Choice at 2nd, 5-4 (Groundball, 56, EV 79.4 MPH)
Batting: LHB Yordan Alvarez 0-0: Ball
1-0: Called Strike
1-1: Called Strike
1-2: Ball
2-2: Ball
3-2: Strikes out swinging
Batting: RHB Keston Hiura 0-0: SINGLE (Groundball, 56D, EV 95.0 MPH)
Ronald Acuna Jr. to second
Batting: LHB Corey Seager 0-0: Ball
1-0: Foul Ball, location: 2F
1-1: Ball
2-1: Swinging Strike
Passed Ball!
Ronald Acuna Jr. to third
Keston Hiura to second
2-2: Foul Ball, location: 2F
2-2: Strikes out looking
Top of the 6th over - 0 runs, 2 hits, 0 errors, 2 left on base; Atlanta 0 - Philadelphia 0
BOTTOM OF THE 6TH
Philadelphia Phillies batting - Pitching for Atlanta Braves : RHP Kevin Gausman
Batting: RHB Scott Kingery 0-0: SOLO HOME RUN (Flyball, 89XD, EV 100.6 MPH), Distance : 429 ft
Batting: RHB Wilmer Flores 0-0: Foul Ball, location: 2F
0-1: SINGLE (Line Drive, 4MD, EV 103.8 MPH)
Batting: SHB Ketel Marte 0-0: Called Strike
0-1: Ball
1-1: Fly out, F1 (Line Drive, P, EV 64.4 MPH)
Batting: RHB Justin Turner 0-0: Ball
1-0: Swinging Strike
1-1: Ball
2-1: Ball
3-1: Base on Balls
Wilmer Flores to second
Batting: RHB Giancarlo Stanton 0-0: Swinging Strike
0-1: Ball
Wild Pitch!
Wilmer Flores to third
Justin Turner to second
1-1: Foul Ball, location: 2F
1-2: Ball
2-2: Ball
3-2: Fly out, F5 (Popup, 5F, EV 78.1 MPH)
Batting: LHB David Peralta 0-0: Foul Ball, location: 2F
0-1: Ground out 6-3 (Groundball, 6, EV 110.6 MPH)
Bottom of the 6th over - 1 run, 2 hits, 0 errors, 2 left on base; Atlanta 0 - Philadelphia 1
TOP OF THE 7TH
Atlanta Braves batting - Pitching for Philadelphia Phillies : LHP Patrick Sandoval
Pitching: LHP Alex Claudio
Batting: RHB Jorge Alfaro 0-0: Called Strike
0-1: Ball
1-1: Ground out U3 (Groundball, 34, EV 103.1 MPH)
Pinch Hitting: RHB Addison Russell 0-0: Called Strike
0-1: Foul Ball, location: 2F
0-2: Strikes out swinging
Batting: RHB Yasiel Puig 0-0: Foul Ball, location: 2F
0-1: Called Strike
0-2: Ball
1-2: Ball
2-2: DOUBLE (Line Drive, 78D, EV 104.4 MPH)
Batting: RHB Vladimir Guerrero Jr. 0-0: Called Strike
0-1: Ball
1-1: Ball
2-1: Ground out 6-3 (Groundball, 56, EV 84.4 MPH)
Top of the 7th over - 0 runs, 1 hit, 0 errors, 1 left on base; Atlanta 0 - Philadelphia 1
BOTTOM OF THE 7TH
Philadelphia Phillies batting - Pitching for Atlanta Braves : RHP Kevin Gausman
Pitching: RHP Luke Jackson
Batting: RHB Carson Kelly 0-0: Foul Ball, location: 2F
0-1: Ball
1-1: SOLO HOME RUN (Flyball, 7D, EV 110.0 MPH), Distance : 384 ft
Batting: LHB Adam Haseley 0-0: Ball
1-0: Foul Ball, location: 2F
1-1: Ground out 4-3 (Groundball, 4, EV 81.3 MPH)
Pinch Hitting: RHB Maikel Franco 0-0: Foul Ball, location: 2F
0-1: Ball
1-1: Ball
2-1: Ball
3-1: SOLO HOME RUN (Flyball, 7D, EV 110.6 MPH), Distance : 394 ft
Batting: RHB Scott Kingery 0-0: Fly out, F3 (Popup, 3L, EV 75.6 MPH)
Batting: RHB Wilmer Flores 0-0: Called Strike
0-1: Ball
1-1: Called Strike
1-2: Ball
2-2: Foul Ball, location: 2F
2-2: Strikes out looking
Bottom of the 7th over - 2 runs, 2 hits, 0 errors, 0 left on base; Atlanta 0 - Philadelphia 3
TOP OF THE 8TH
Atlanta Braves batting - Pitching for Philadelphia Phillies : LHP Alex Claudio
Pitching: RHP Lou Trivino
Batting: LHB Freddie Freeman 0-0: Ball
1-0: Ball
2-0: Called Strike
2-1: Called Strike
2-2: Strikes out swinging
Batting: RHB Ronald Acuna Jr. 0-0: Ball
1-0: Called Strike
1-1: Foul Ball, location: 2F
1-2: Strikes out swinging
Batting: LHB Yordan Alvarez 0-0: Ball
1-0: SINGLE (Groundball, 34D, EV 108.8 MPH)
Batting: RHB Keston Hiura 0-0: Foul Ball, location: 2F
0-1: Called Strike
0-2: Ball
1-2: Ball
2-2: Ball
3-2: Base on Balls
Yordan Alvarez to second
Batting: LHB Corey Seager 0-0: Called Strike
0-1: Called Strike
0-2: Foul Ball, location: 2F
0-2: SINGLE (Line Drive, 56, EV 106.9 MPH)
Yordan Alvarez to third
Keston Hiura to second
Batting: RHB Jorge Alfaro 0-0: Swinging Strike
0-1: Swinging Strike
0-2: Ball
1-2: Strikes out looking
Top of the 8th over - 0 runs, 2 hits, 0 errors, 3 left on base; Atlanta 0 - Philadelphia 3
BOTTOM OF THE 8TH
Philadelphia Phillies batting - Pitching for Atlanta Braves : RHP Luke Jackson
Pitching: LHP Daniel Zamora
Batting: SHB Ketel Marte 0-0: Fly out, F9 (Flyball, 9LS, EV 88.8 MPH)
Batting: RHB Justin Turner 0-0: Foul Ball, location: 2F
0-1: Ball
1-1: Foul Ball, location: 2F
1-2: Strikes out swinging
Batting: RHB Giancarlo Stanton 0-0: Ball
1-0: Foul Ball, location: 2F
1-1: Called Strike
1-2: Foul Ball, location: 2F
1-2: Strikes out swinging
Bottom of the 8th over - 0 runs, 0 hits, 0 errors, 0 left on base; Atlanta 0 - Philadelphia 3
TOP OF THE 9TH
Atlanta Braves batting - Pitching for Philadelphia Phillies : RHP Lou Trivino
Now at SS: Jake Hager
Pinch Hitting: RHB Kevin Cron 0-0: Ball
1-0: Fly out, F8 (Flyball, 89D, EV 97.5 MPH)
Batting: RHB Yasiel Puig 0-0: Called Strike
0-1: SINGLE (Flyball, 4MD, EV 88.8 MPH)
Pitching: RHP Kenley Jansen
Batting: RHB Vladimir Guerrero Jr. 0-0: SINGLE (Groundball, 56D, EV 103.8 MPH)
Yasiel Puig to second
Batting: LHB Freddie Freeman 0-0: Foul Ball, location: 2F
0-1: Ball
1-1: TRIPLE (Line Drive, 78XD, EV 108.1 MPH)
Yasiel Puig scores
Vladimir Guerrero Jr. scores
Batting: RHB Ronald Acuna Jr. 0-0: Foul Ball, location: 2F
0-1: Ball
1-1: Ball
2-1: SINGLE (Line Drive, 9S, EV 104.4 MPH)
Freddie Freeman scores
Batting: LHB Yordan Alvarez 0-0: Called Strike
Ronald Acuna Jr. steals 2nd base
0-1: Ball
1-1: Intentional Walk
Batting: RHB Keston Hiura 0-0: Called Strike
0-1: Ball
1-1: Swinging Strike
1-2: Foul Ball, location: 2F
1-2: Strikes out swinging
Batting: LHB Corey Seager 0-0: Ball
1-0: Called Strike
1-1: Swinging Strike
1-2: Strikes out looking
Top of the 9th over - 3 runs, 4 hits, 0 errors, 2 left on base; Atlanta 3 - Philadelphia 3
BOTTOM OF THE 9TH
Philadelphia Phillies batting - Pitching for Atlanta Braves : LHP Daniel Zamora
Pitching: LHP Brian Moran
Now at SS: Luis Arraez
Pinch Hitting: RHB A.J. Pollock 0-0: Ball
1-0: Called Strike
1-1: Ball
2-1: Foul Ball, location: 2F
2-2: Strikes out swinging
Batting: RHB Carson Kelly 0-0: Ball
1-0: Called Strike
1-1: Ground out 6-3 (Groundball, 6, EV 85.6 MPH)
Batting: LHB Adam Haseley 0-0: SINGLE (Groundball, 34D, EV 96.3 MPH)
Pinch Hitting: LHB Nicky Delmonico 0-0: Called Strike
0-1: Swinging Strike
0-2: Ball
1-2: Foul Ball, location: 2F
1-2: Foul Ball, location: 2F
1-2: Ball
2-2: Foul Ball, location: 2F
2-2: Ball
3-2: Foul Ball, location: 2F
3-2: Foul Ball, location: 2F
3-2: Strikes out swinging
Bottom of the 9th over - 0 runs, 1 hit, 0 errors, 1 left on base; Atlanta 3 - Philadelphia 3
TOP OF THE 10TH
Atlanta Braves batting - Pitching for Philadelphia Phillies : RHP Kenley Jansen
Pitching: LHP Aaron Fletcher
Now in LF: Nicky Delmonico
Batting: RHB Jorge Alfaro 0-0: Called Strike
0-1: Ball
1-1: Foul Ball, location: 2F
1-2: Ball
2-2: Strikes out swinging
Batting: LHB Luis Arraez 0-0: Swinging Strike
0-1: Fly out, F7 (Flyball, 7S, EV 70.6 MPH)
Batting: RHB Yasiel Puig 0-0: SINGLE (Line Drive, 89M, EV 106.3 MPH)
Batting: RHB Vladimir Guerrero Jr. 0-0: Fly out, F9 (Line Drive, 9D, EV 97.5 MPH)
Top of the 10th over - 0 runs, 1 hit, 0 errors, 1 left on base; Atlanta 3 - Philadelphia 3
BOTTOM OF THE 10TH
Philadelphia Phillies batting - Pitching for Atlanta Braves : LHP Brian Moran
Batting: RHB Scott Kingery 0-0: Swinging Strike
0-1: Swinging Strike
0-2: Ball
1-2: Strikes out swinging
Batting: RHB Wilmer Flores 0-0: Ball
1-0: Swinging Strike
1-1: Ball
2-1: Fly out, F7 (Flyball, 78S, EV 85.6 MPH)
Batting: RHB Jake Hager 0-0: Ball
1-0: Foul Ball, location: 2F
1-1: Fly out, F8 (Line Drive, 8LM, EV 86.9 MPH)
Bottom of the 10th over - 0 runs, 0 hits, 0 errors, 0 left on base; Atlanta 3 - Philadelphia 3
TOP OF THE 11TH
Atlanta Braves batting - Pitching for Philadelphia Phillies : LHP Aaron Fletcher
Batting: LHB Freddie Freeman 0-0: Called Strike
0-1: Ball
1-1: Foul Ball, location: 2F
1-2: Strikes out swinging
Batting: RHB Ronald Acuna Jr. 0-0: Ball
1-0: Ball
2-0: Ball
3-0: Called Strike
3-1: Foul Ball, location: 2F
3-2: Foul Ball, location: 2F
3-2: Foul Ball, location: 2F
3-2: Strikes out looking
Batting: LHB Yordan Alvarez 0-0: Ball
1-0: Foul Ball, location: 2F
1-1: Foul Ball, location: 2F
1-2: Foul Ball, location: 2F
1-2: Strikes out looking
Top of the 11th over - 0 runs, 0 hits, 0 errors, 0 left on base; Atlanta 3 - Philadelphia 3
BOTTOM OF THE 11TH
Philadelphia Phillies batting - Pitching for Atlanta Braves : LHP Brian Moran
Pitching: RHP Chad Sobotka
Batting: RHB Justin Turner 0-0: Hit by Pitch
Batting: RHB Giancarlo Stanton 0-0: Ball
1-0: Called Strike
1-1: Ball
2-1: Foul Ball, location: 2F
2-2: Strikes out swinging
Pinch Hitting: RHB Tres Barrera 0-0: Ball
1-0: Fly out, F7 (Flyball, 7S, EV 90.6 MPH)
Batting: RHB Carson Kelly 0-0: Foul Ball, location: 2F
0-1: Called Strike
0-2: Ball
1-2: Ball
Justin Turner steals 2nd base
2-2: Ball
3-2: Strikes out swinging
Bottom of the 11th over - 0 runs, 0 hits, 0 errors, 1 left on base; Atlanta 3 - Philadelphia 3
TOP OF THE 12TH
Atlanta Braves batting - Pitching for Philadelphia Phillies : LHP Aaron Fletcher
Pitching: RHP John Schreiber
Batting: RHB Keston Hiura 0-0: Ball
1-0: Called Strike
1-1: Ball
2-1: Swinging Strike
2-2: Ball
3-2: Foul Ball, location: 2F
3-2: Strikes out swinging
Pinch Hitting: LHB Mallex Smith 0-0: Called Strike
0-1: Swinging Strike
0-2: Ball
1-2: Foul Ball, location: 2F
1-2: Strikes out swinging
Batting: RHB Jorge Alfaro 0-0: Ball
1-0: Called Strike
1-1: Foul Ball, location: 2F
1-2: SOLO HOME RUN (Flyball, 9LD, EV 95.6 MPH), Distance : 369 ft
Batting: LHB Luis Arraez 0-0: Ball
1-0: SINGLE (Line Drive, 56, EV 93.8 MPH)
Batting: RHB Yasiel Puig 0-0: Ball
1-0: Ball
2-0: Foul Ball, location: 2F
2-1: Swinging Strike
2-2: Strikes out swinging, 2-3 out at first.
Top of the 12th over - 1 run, 2 hits, 0 errors, 1 left on base; Atlanta 4 - Philadelphia 3
BOTTOM OF THE 12TH
Philadelphia Phillies batting - Pitching for Atlanta Braves : RHP Chad Sobotka
Pitching: RHP Brandon Workman
Batting: LHB Adam Haseley 0-0: Ball
1-0: Ball
2-0: Ball
3-0: Base on Balls
Batting: LHB Nicky Delmonico 0-0: Ball
1-0: Foul Ball, location: 2F
1-1: Foul Ball, location: 2F
1-2: Strikes out swinging
Batting: RHB Scott Kingery 0-0: Ball
1-0: Foul Ball, location: 2F
1-1: SINGLE (Groundball, 3, EV 95.6 MPH)
Adam Haseley to second
Runner from 2nd tries for 3rd, SAFE, throw by RF made to third
Batting: RHB Wilmer Flores 0-0: Called Strike
0-1: Fly out, F7 (Flyball, 7S, EV 95.6 MPH)
Batting: RHB Jake Hager 0-0: Ball
1-0: Foul Ball, location: 2F
1-1: Ground out 3-1 (Groundball, 34S, EV 85.6 MPH)
Bottom of the 12th over - 0 runs, 1 hit, 0 errors, 2 left on base; Atlanta 4 - Philadelphia 3
Wednesday, October 21st, 2020 - OOTP Baseball 21.6 Build 83